 Dungeon Crawl Stone Soup version 0.25.0-9-g26727b657a (webtiles) character file.

Game seed: 2205609996910296413

184 Acheron the Chopper (level 5, -1/47 HPs)
             Began as a Minotaur Berserker on June 19, 2020.
             Was a Believer of Trog.
             Slain by an iguana (12 damage)
             ... on level 5 of the Dungeon.
             The game lasted 00:10:13 (2706 turns).

Acheron the Chopper (Minotaur Berserker)            Turns: 2706, Time: 00:10:14

Health: -1/47      AC:  5    Str: 21    XL:     5   Next: 36%
Magic:  4/4        EV: 12    Int:  4    God:    Trog [**....]
Gold:   121        SH:  0    Dex: 11    Spells: 4/4 levels left

rFire    . . .     SeeInvis +   a - +1 hand axe
rCold    . . .     Gourm    .   (no shield)
rNeg     . . .     Faith    .   i - +0 ring mail
rPois    .         Spirit   .   (helmet restricted)
rElec    .         Reflect  .   (no cloak)
rCorr    .         Harm     .   (no gloves)
MR       .....                  (no boots)
Stlth    +.........             (no amulet)
HPRegen  0.15/turn              d - ring of see invisible
MPRegen  0.09/turn              (no ring)

@: berserk cooldown, slowed, very slow
A: retaliatory headbutt, horns 2
a: Berserk, Trog's Hand, Renounce Religion


You were on level 5 of the Dungeon.
You worshipped Trog.
Trog was pleased with you.
You were hungry.

You visited 1 branch of the dungeon, and saw 5 of its levels.

You collected 121 gold pieces.

Inventory:

Hand Weapons
 a - a +1 hand axe (weapon)
 j - a +0 short sword
Missiles
 g - 22 sling bullets
 r - 37 stones (quivered)
Armour
 f - a +0 leather armour
 h - a +0 chain mail
 i - a +0 ring mail (worn)
 q - the +0 chain mail of Famauv {rC+}
   (You found it on level 4 of the Dungeon)

   It protects you from cold.
Jewellery
 d - a ring of see invisible (left hand)
 v - an uncursed ring of fire
Scrolls
 b - 2 scrolls of remove curse
 s - a scroll of amnesia {unknown}
 t - a scroll of identify
 u - 2 scrolls of fear
 w - a scroll of enchant armour {unknown}
 x - a scroll of teleportation {unknown}
Potions
 e - a potion of brilliance
 k - 2 potions of might
 l - 2 potions of lignification
 m - a potion of curing
 o - a potion of stabbing {unknown}
 p - a potion of haste {unknown}
 z - a potion of heal wounds {unknown}
 A - a potion of flight {unknown}
Comestibles
 c - 7 rations
 n - a chunk of flesh


   Skills:
 + Level 4.6 Fighting
 + Level 4.9 Axes
 * Level 4.1 Armour
 * Level 3.0 Dodging
 * Level 1.1 Stealth


You had 4 spell levels left.
You didn't know any spells.
Your spell library was empty.

Dungeon Overview and Level Annotations

Branches:
Dungeon (5/15)             Temple (0/1) D:5

Altars:

Annotations:
D:2 Sigmund


Innate Abilities, Weirdness & Mutations

You reflexively headbutt those who attack you in melee.
You have a pair of horns on your head.


Message History

You feel a strong urge to attack something.
You feel your anger nearly subside.
You are no longer berserk.
You are exhausted.
You feel yourself slow down. The iguana barely misses you.
You barely miss the iguana. The iguana bites you.
You closely miss the iguana. The iguana closely misses you.
The iguana barely misses you.
You hit the iguana but do no damage. The iguana bites you!
You hit the iguana.
The iguana is lightly wounded.
The iguana barely misses you. The iguana bites you!
Unknown command.
You barely miss the iguana. You headbutt the iguana.
The iguana is heavily wounded.
The iguana barely misses you. The iguana bites you!
* * * LOW HITPOINT WARNING * * *
You hit the iguana.
The iguana is heavily wounded.
The iguana bites you!
You die...

#.....# #.....#
#.....#######.
#?.....%.....
+..........(.
#............
#............
#....@l..$.%.
######.........>..
..............).:#
................#.
.......<........#
................#
................#
...######.......#
... #.......#


You could see an iguana.

Vanquished Creatures
  An orc wizard (D:3)
  A worker ant (D:4)
  4 adders
  2 river rats (D:3)
  3 worms (D:3)
  A dart slug (D:3)
  3 leopard geckos
  3 orcs (D:3)
  8 bats
  2 giant cockroaches (D:1)
  5 goblins
  5 hobgoblins
  6 jackals
  6 kobolds
  A ball python (D:2)
  4 frilled lizards
  8 rats
63 creatures vanquished.

Notes
Turn   | Place    | Note
-------+----------+-------------------------------------------
     0 | D:1      | Acheron the Minotaur Berserker began the quest for the Orb.
     0 | D:1      | Reached XP level 1. HP: 19/19 MP: 0/0
   314 | D:1      | Reached XP level 2. HP: 27/27 MP: 1/1
   892 | D:1      | Reached XP level 3. HP: 33/33 MP: 2/2
  1279 | D:2      | Reached ** piety under Trog
  1437 | D:2      | Noticed Sigmund
  1575 | D:4      | Got an ancient chain mail
  1576 | D:4      | Identified the +0 chain mail of Famauv {rC+} (You found it
                  | on level 4 of the Dungeon)
  1849 | D:3      | Reached XP level 4. HP: 37/41 MP: 3/3
  2281 | D:3      | Reached skill level 1 in Stealth
  2282 | D:3      | Reached XP level 5. HP: 36/47 MP: 4/4
  2588 | D:5      | Entered Level 5 of the Dungeon
  2654 | D:5      | Noticed a black bear
  2693 | D:5      | Found a staircase to the Ecumenical Temple.
  2706 | D:5      | Slain by an iguana

Illustrated notes

Levels and vault maps discovered:
D:1:      heliophobic_arrival_battle_scene, layout_basic
D:2:      layout_basic, minmay_overflow_temple_star_quad,
          grunt_decor_one_mirror, amethyst_killhole, due_unseen_surprise,
          uniq_sigmund, uniq_jessica
D:3:      layout_rooms, marbit_many_paths, lightli_sewer_entry_pipes
D:4:      layout_loops_ring, grunt_temple_overflow_order_and_chaos_2,
          old_standard_altar, minmay_misc_feat_hallway, minmay_misc_feat_alley
D:5:      layout_gridville, minmay_temple_entry_offerings, first_ration

Skill      XL: |  1  2  3  4 |
---------------+-------------+-----
Axes           | 4 |  4.9
Fighting       | 4 |  4.6
Armour         | 3 4 |  4.1
Stealth        | 1 |  1.1
Dodging        | 3 |  3.0

Action                   |  1- 3 |  4- 6 || total
-------------------------+-------+-------++-------
Melee: Hand axe          |    89 |    78 ||   167
       Headbutt          |    10 |     7 ||    17
Invok: Berserk           |       |     1 ||     1
  Use: Scroll            |     7 |     3 ||    10
  Eat: Chunk             |     3 |     3 ||     6
Armor: Animal skin       |     1 |       ||     1
       Leather armour    |    18 |       ||    18
       Ring mail         |     9 |    22 ||    31
Dodge: Dodged            |    51 |    54 ||   105
